 Dungeon Crawl Stone Soup version 0.30.0-5-g1a98f26d00 (webtiles) character file.

Game seed: 3120645151820393776

5807 VictoriousLee the Cleaver (level 11, -5/75 HPs)
             Began as a Formicid Fighter on May 12, 2023.
             Was a High Priest of Elyvilon.
             Slain by a cane toad (10 damage)
             ... while petrified by a basilisk
             ... on level 1 of the Lair of Beasts.
             The game lasted 00:46:27 (10689 turns).

VictoriousLee the Cleaver (Formicid Fighter)       Turns: 10689, Time: 00:46:27

Health: -5/75      AC: 10    Str: 35    XL:     11   Next: 6%
Magic:  6/14       EV:  2    Int:  8    God:    Elyvilon [*****.]
Gold:   487        SH:  0    Dex: 15    Spells: 7/10 levels left

rFire   . . .        J - +2 morningstar (flame)
rCold   x . .        c - +0 buckler
rNeg    + + +        W - +0 acid dragon scales
rPois   ∞            (helmet unavailable)
rElec   .            (no cloak)
rCorr   +            E - +1 pair of gloves of Benevolence {rC- Str+4 Dex+2}
SInv    +            k - +0 pair of boots
Will    +....        I - amulet of reflection
Stlth   +            O - ring of wizardry
HPRegen 0.32/turn    T - +6 ring of strength
MPRegen 0.14/turn

%: reflection, wizardry (x1)
@: lethally poisoned (-5 -> -5), petrified
A: permanent stasis, dig shafts and tunnels, antennae 3, four strong arms
a: Dig, Shaft Self, Renounce Religion, Purification, Heal Other, Heal Self,
Divine Vigour


You were on level 1 of the Lair of Beasts.
You worshipped Elyvilon.
Elyvilon was extremely pleased with you.
You visited 2 branches of the dungeon, and saw 11 of its levels.

You collected 487 gold pieces.

Inventory:

Hand Weapons
 a - a +0 war axe
 J - a +2 morningstar of flaming (weapon)
 K - a +0 hand axe of distortion
 N - a +0 flail of protection
 X - a +5 great sword of freezing
Missiles
 l - 4 javelins
 q - 10 boomerangs
 s - 9 poisoned darts
Armour
 b - a +0 scale mail
 c - a +0 buckler (worn)
 f - a +0 pair of gloves
 k - a +0 pair of boots (worn)
 E - the +1 pair of gloves of Benevolence (worn) {rC- Str+4 Dex+2}
   (You found it on level 5 of the Dungeon)

   Str:       It affects your strength (+4).
   Dex:       It affects your dexterity (+2).
   rC:        It makes you vulnerable to cold.
 U - the +1 robe "Gietiuc" {Regen+}
   (You found it on level 1 of the Lair of Beasts)

   Regen:     It increases your rate of health regeneration.
 W - +0 acid dragon scales (worn)
Magical Staves
 i - a staff of cold
Jewellery
 n - a ring of positive energy
 D - a ring of magical power
 G - an amulet of magic regeneration
 I - an amulet of reflection (around neck)
 O - a ring of wizardry (left hand)
 R - a ring of willpower
 T - a +6 ring of strength (right hand)
Wands
 m - a wand of flame (8)
 v - a wand of digging (9)
 y - a wand of iceblast (32)
 F - a wand of charming (10)
Scrolls
 e - a scroll of vulnerability
 g - a scroll of enchant weapon {unknown}
 j - a scroll of fog
 o - 5 scrolls of magic mapping {unknown}
 p - a scroll of brand weapon {unknown}
 r - 2 scrolls of amnesia {unknown}
 z - 2 scrolls of noise {unknown}
 H - 3 scrolls of enchant armour {unknown}
 S - a scroll of identify
Potions
 d - a potion of attraction
 h - 10 potions of curing
 t - a potion of mutation
 u - 3 potions of haste
 w - 3 potions of ambrosia
 x - 2 potions of brilliance
 A - 4 potions of heal wounds
 B - 2 potions of flight
 C - 2 potions of lignification
 L - a potion of invisibility {unknown}
 M - a potion of resistance
 P - a potion of degeneration {unknown}
 Q - 2 potions of cancellation
 V - 2 potions of might


   Skills:
 - Level 3.2 Fighting
 * Level 14.9 Axes
 - Level 3.2 Armour
 - Level 4.0 Shields
 - Level 4.0 Earth Magic
 - Level 4.0 Invocations


You had 7 spell levels left.
You knew the following spells:

 Your Spells              Type           Power      Damage    Failure   Level
b - Sandblast             Erth           12%        2d6       4%          1
p - Passwall              Tmut/Erth      2%         N/A       16%         2

Your spell library contained the following spells:

 Spells                   Type           Power      Damage    Failure   Level
 Kiss of Death            Conj/Necr      0%         2d5       22%         1
 Shock                    Conj/Air       0%         1d3       22%         1
 Stone Arrow              Conj/Erth      6%         3d7       28%         3
 Confusing Touch          Hex            0%         N/A       52%         3
 Inner Flame              Hex/Fire       0%         N/A       52%         3
 Airstrike                Air            0%         2d(0-16)  89%         4
 Cause Fear               Hex            0%         N/A       89%         4
 Dispel Undead            Necr           0%         3d6       89%         4
 Yara's Violent Unravell  Hex/Tmut       0%         3d3       99%         5
 Dragon Form              Tmut           0%         N/A       100%        7
 Enfeeble                 Hex            0%         N/A       100%        7
 Dragon's Call            Summ           0%         N/A       100%        9
 Swiftness                Air            Unusable   N/A       N/A         3

Dungeon Overview and Level Annotations

Branches:
Dungeon (10/15)            Temple (0/1) D:7            Lair (1/5) D:8
    Orc (0/2) D:9

Altars:
Ashenzari
Cheibriados
Dithmenos
Elyvilon
Fedhas
Hepliaklqana
Kikubaaqudgha
Makhleb
Ru
Sif Muna
Trog
Vehumet
Wu Jian
Xom
Yredelemnul

Shops:
D:8 *

Annotations:
D:8 exclusion: electric eel
D:10 2 transporters, Kelyas's ghost, novice DsCj


Innate Abilities, Weirdness & Mutations

You cannot be hasted, slowed, berserked, paralysed or teleported.
You can dig through walls and to a lower floor.
You have a pair of large antennae on your head. (SInv)
Your four strong arms can wield two-handed weapons with a shield.


Message History

The basilisk is almost dead.
The basilisk barely misses you. The cane toad stings you!
* * * LOW HITPOINT WARNING * * *
You barely miss the basilisk.
The basilisk is almost dead.
The cane toad stings you.
* * * LOW HITPOINT WARNING * * *
You are lethally poisoned!
The cane toad poisons you!
The basilisk bites you but does no damage.
You feel purified! You block the cane toad's attack. The basilisk gazes at you.
You are slowing down.
The cane toad stings you.
* * * LOW HITPOINT WARNING * * *
Unknown command.
You are healed.
The basilisk gazes at you.
You easily resist.
The cane toad completely misses you. The basilisk bites you.
* * * LOW HITPOINT WARNING * * *
Your limbs are stiffening.
You thump the basilisk! You burn the basilisk.
You kill the basilisk!
The cane toad stings you!
* * * LOW HITPOINT WARNING * * *
You are poisoned.
The cane toad poisons you! You block the cane toad's attack.
You have turned to stone.
The cane toad stings you!
* * * LOW HITPOINT WARNING * * *
The cane toad stings you. x2
* * * LOW HITPOINT WARNING * * *
The cane toad stings you but does no damage.
The cane toad stings you!
* * * LOW HITPOINT WARNING * * *
The cane toad stings you! Elyvilon protects you from harm!
The cane toad stings you but does no damage.
The cane toad stings you!!
You die...

PP...P ..#P.P♣
♣P...# #....P♣
♣P.... #..#.P♣
♣P.... #....P♣
♣P...# ####....P♣
♣P...# ........P♣
♣P..F#
.....#..P♣♣♣♣P..@##
........PPPPPP...P#
.....##..........##
...###...........##
..## ##.#.#####...#
..## #...#....#.##
..P# ###......###
..## #......# ..##
#..#..#.#


You could see a cane toad.

Vanquished Creatures
  An unseen horror (D:10)
  A rime drake (Lair:1)
  A troll (D:9)
  Grinder (D:5)
  5 yaks (D:10)
  Eustachio (D:4)
  A basilisk (Lair:1)
  Grum (D:9)
  A water moccasin (Lair:1)
  An acid dragon (D:10)
  A sky beast (D:8)
  An orc warrior (D:9)
  2 black bears
  2 ice beasts
  3 ogres
  6 wolves
  2 centaurs
  A phantom (D:6)
  Blork the orc (D:6)
  A bullfrog (D:6)
  A gnoll sergeant (D:6)
  4 scorpions
  5 wights
  A vampire bat (D:8)
  7 howler monkeys
  A crimson imp (D:7)
  4 jellies
  5 hounds
  5 orc priests
  5 iguanas
  4 orc wizards
  A sleepcap (D:7)
  Robin (D:4)
  6 adders
  A shadow imp (D:7)
  3 white imps
  3 ufetubi
  2 worms
  31 orcs
  5 ball pythons
  6 bats
  3 bat skeletons (D:8)
  3 bat zombies (D:8)
  10 endoplasms
  2 giant cockroaches
  9 goblins
  9 hobgoblins
  4 kobolds
  2 quokkas (D:3)
  5 frilled lizards
  6 rats
  A spectral kobold (D:4)
189 creatures vanquished.

Vanquished Creatures (collateral kills)
  2 wights (D:9)
2 creatures vanquished.

Grand Total: 191 creatures vanquished

Notes
Turn   | Place    | Note
-------+----------+-------------------------------------------
     0 | D:1      | VictoriousLee the Formicid Fighter began the quest for the
                  | Orb.
     0 | D:1      | Reached XP level 1. HP: 18/18 MP: 1/1
   211 | D:1      | Reached XP level 2. HP: 24/24 MP: 2/2
   430 | D:1      | Reached skill level 3 in Axes
   929 | D:2      | Reached XP level 3. HP: 16/29 MP: 3/3
   980 | D:2      | Found a faded altar of an unknown god.
  1003 | D:2      | Prayed at the altar of an unknown god.
  1003 | D:2      | Became a worshipper of Elyvilon the Healer
  1003 | D:2      | Reached * piety under Elyvilon
  1586 | D:2      | Reached skill level 4 in Axes
  1586 | D:2      | Reached XP level 4. HP: 32/35 MP: 4/4
  1624 | D:3      | Reached ** piety under Elyvilon
  1876 | D:3      | You fall into a shaft and drop 1 floor!
  2268 | D:4      | Found a basalt altar of Yredelemnul.
  2306 | D:4      | Reached XP level 5. HP: 35/41 MP: 5/5
  2317 | D:4      | Reached skill level 5 in Axes
  2640 | D:4      | Reached XP level 6. HP: 47/47 MP: 6/6
  2646 | D:4      | Noticed an ogre
  2656 | D:4      | Elyvilon protects you from harm!
  2661 | D:4      | Killed an ogre
  2662 | D:4      | Reached skill level 6 in Axes
  2795 | D:4      | Reached *** piety under Elyvilon
  2825 | D:4      | Found a shimmering blue altar of Sif Muna.
  3158 | D:4      | Noticed Eustachio
  3220 | D:4      | Killed Eustachio
  3221 | D:4      | Reached skill level 7 in Axes
  3221 | D:4      | Reached XP level 7. HP: 20/52 MP: 7/7
  3506 | D:4      | Noticed Robin
  3557 | D:4      | Killed Robin
  3613 | D:4      | Found a hazy altar of Hepliaklqana.
  3882 | D:5      | Entered Level 5 of the Dungeon
  4018 | D:5      | Reached skill level 8 in Axes
  4063 | D:5      | Identified the +1 pair of gloves of Benevolence {rC- Str+4
                  | Dex+2}
  4214 | D:5      | Reached XP level 8. HP: 58/58 MP: 8/8
  4466 | D:5      | Reached skill level 9 in Axes
  4600 | D:5      | Reached **** piety under Elyvilon
  4895 | D:5      | Noticed Grinder
  4917 | D:5      | Killed Grinder
  5038 | D:5      | Reached skill level 10 in Axes
  5542 | D:6      | Reached XP level 9. HP: 35/64 MP: 9/9
  5690 | D:6      | Reached skill level 1 in Invocations
  5699 | D:6      | Reached skill level 11 in Axes
  6086 | D:6      | Noticed Blork the orc
  6116 | D:6      | Killed Blork the orc
  6216 | D:6      | Found a white marble altar of Elyvilon.
  6217 | D:6      | Found a radiant altar of Vehumet.
  6482 | D:7      | Reached ***** piety under Elyvilon
  6625 | D:7      | Found a shadowy altar of Dithmenos.
  6625 | D:7      | Found a sacrificial altar of Ru.
  6645 | D:7      | Found a snail-covered altar of Cheibriados.
  6661 | D:7      | Found a staircase to the Ecumenical Temple.
  6905 | D:7      | Found a burning altar of Makhleb.
  6905 | D:7      | Found a shimmering altar of Xom.
  7310 | D:7      | Learned a level 2 spell: Passwall
  7352 | D:8      | Reached skill level 12 in Axes
  7544 | D:8      | Found a staircase to the Lair.
  7673 | D:8      | Found Wirph's General Store.
  7706 | D:8      | Found an ornate altar of the Wu Jian Council.
  7782 | D:8      | Found a broken altar of Ashenzari.
  8277 | D:8      | Found an ancient bone altar of Kikubaaqudgha.
  8434 | D:9      | Noticed a troll
  8440 | D:9      | Killed a troll
  8441 | D:9      | Reached skill level 1 in Earth Magic
  8441 | D:9      | Reached XP level 10. HP: 41/62 MP: 13/13
  8532 | D:9      | Found a staircase to the Orcish Mines.
  8590 | D:9      | Noticed Grum
  8624 | D:9      | Reached skill level 13 in Axes
  8669 | D:9      | Killed Grum
  9014 | D:9      | Found a blossoming altar of Fedhas.
  9236 | D:9      | Learned a level 1 spell: Sandblast
  9249 | D:10     | Entered Level 10 of the Dungeon
  9249 | D:10     | Noticed a moth of wrath
  9283 | D:10     | Noticed a tengu warrior
  9285 | D:10     | Found a transporter.
  9289 | D:10     | Found a transporter.
  9289 | D:10     | Noticed a two-headed ogre
  9290 | D:10     | Found a bloodstained altar of Trog.
  9294 | D:10     | Noticed a two-headed ogre
  9294 | D:10     | Noticed Kelyas's ghost (novice DsCj)
  9528 | D:10     | Noticed an unseen horror
  9588 | D:10     | Reached skill level 14 in Axes
  9858 | D:10     | Killed an unseen horror
 10485 | Lair:1   | Entered Level 1 of the Lair of Beasts
 10524 | Lair:1   | Reached XP level 11. HP: 63/75 MP: 14/14
 10660 | Lair:1   | Identified the +1 robe "Gietiuc" {Regen+}
 10687 | Lair:1   | Elyvilon protects you from harm!
 10689 | Lair:1   | Slain by a cane toad

Illustrated notes

Levels and vault maps discovered:
D:1:      arrival_zaba_pyramid, layout_basic, chequers_arboretum
D:2:      minmay_razor_zed, layout_loops_ring, dreamdust_ecumenical_altar_grove
D:3:      layout_rooms, minmay_misc_feat_rows, minmay_misc_feat_four_crosses,
          minmay_misc_feat_tower, hangedman_decor_points
D:4:      layout_layer_cave, mainiacjoe_overflow_concentric_impassable,
          nicolae_hepliaklqana_monster_ancestors, kennysheep_orc_sif_temple,
          minmay_crossroads, uniq_eustachio, uniq_crazy_yiuf_cottage, uniq_robin
D:5:      layout_basic, kennysheep_generic_room_11, uniq_grinder
D:6:      layout_basic, mainiacjoe_overflow_divided_tiny, minmay_starry_boxes,
          uniq_blork_the_orc
D:7:      layout_basic, grunt_temple_overflow_champion_of_chaos,
          mainiacjoe_overflow_cross_hatched, nicolae_overflow_two_pavilions,
          minmay_temple_entry_arrows, minivault_24
D:8:      layout_basic, kennysheep_little_box, kennysheep_vampire_church,
          marbit_many_paths, serial_shops, nicolae_shop_window_shopping
D:9:      layout_irregular_city, fedhas_altar_2, orc_0_dummy, uniq_grum
D:10:     layout_basic, gammafunk_ghost_wrathful_warriors
Lair:1:   layout_gridlike, minmay_hedge_maze, patterned_corridor

Skill      XL: |  1  2  3  4  5  6  7  8  9 10 |
---------------+-------------------------------+-----
Axes           | 3 4 5 7 8 10 12 14 | 14.9
Invocations    | 4 |  4.0
Earth Magic    | 1 4 |  4.0
Fighting       | |  3.2
Armour         | |  3.2
Shields        | |  4.0

Action                     |  1- 3 |  4- 6 |  7- 9 | 10-12 || total
---------------------------+-------+-------+-------+-------++-------
  Melee: War axe           |   109 |   142 |   214 |       ||   465
         Morningstar       |       |       |   110 |   121 ||   231
  Throw: Dart              |       |     4 |     8 |       ||    12
         Throwing net      |       |       |     1 |       ||     1
   Cast: Sandblast         |       |       |       |     6 ||     6
 Invoke: Purification      |       |     1 |       |     3 ||     4
         Heal Self         |       |       |       |     4 ||     4
Ability: Dig               |       |       |     4 |     3 ||     7
  Evoke: Wand              |       |       |     1 |     1 ||     2
    Use: Scroll            |       |     2 |    10 |     4 ||    16
         Potion            |       |     2 |       |       ||     2
 Armour: Scale mail        |    38 |    70 |   134 |    12 ||   254
         Acid dragon scale |       |       |       |    20 ||    20
  Dodge: Dodged            |    48 |    65 |   135 |    41 ||   289
  Block: Buckler           |    37 |    26 |    96 |    68 ||   227
         Reflection        |       |       |       |     1 ||     1
